AoeStats
← Huasalamos

Arena

508561915Analyzed
2v2 RM · 10d ago on Sep 23, 2026· 36m 7s· 4 players
Game mode
Random Map
Map size
Medium (4 player)
Population
200
Speed
Normal
Resources
Standard
Victory
Conquest
Starting age
Dark Age
Ending age
Imperial Age
RankedLock teamsTeams togetherTeam positionsShared explorationLock speedFull tech treeHidden civsTurbo modeCheats
Victory
Defeat
🇦🇷 Turks · Argentina
797
+16
🇦🇷 Bohemians · Argentina
773
+17
🇨🇱 Teutons · Chile
862
-45
🇨🇱 Huns · Chile
740
-14
KadornaVII
10:19 Feudal Age
12:02 Loom
14:55 Castle Age
13:50 Double-Bit Axe
16:30 Horse Collar
26:27 Imperial Age
25:01 Town Watch
25:56 Wheelbarrow
26:59 Murder Holes
29:06 Padded Archer Armor
28:56 Fletching
32:43 Husbandry
32:56 Bloodlines
33:08 Leather Archer Armor
32:58 Scale Barding Armor
SoloLeandro
11:54 Feudal Age
18:24 Castle Age
16:40 Double-Bit Axe
19:55 Loom
20:28 Bow Saw
23:02 Pikeman
23:43 Squires
24:24 Town Watch
25:15 Wheelbarrow
27:23 Chemistry
27:58 Fletching
28:18 Forging
34:03 Imperial Age
33:36 Bodkin Arrow
34:17 Iron Casting
33:42 Padded Archer Armor
35:25 Ballistics
35:02 Murder Holes
Huasalamos
12:45 Feudal Age
14:11 Horse Collar
14:37 Loom
15:30 Wheelbarrow
16:02 Double-Bit Axe
25:40 Castle Age
24:52 Man-at-Arms
26:03 Pikeman
29:36 Forging
29:34 Scale Barding Armor
32:00 Long Swordsman
NKejicus
0:45 Loom
10:17 Feudal Age
12:14 Stone Mining
12:50 Double-Bit Axe
13:38 Horse Collar
15:28 Scale Barding Armor
19:38 Castle Age
19:12 Man-at-Arms
20:08 Forging
19:59 Fletching
20:56 Heavy Plow
21:30 Squires
20:53 Long Swordsman
22:35 Bow Saw
26:01 Long Swordsman
28:18 Crossbowman
29:08 Thumb Ring
29:54 Arson
30:20 Town Watch
31:58 Chain Barding Armor
Connection lost

Rejoining the realm…

Still unreachable

The connection could not be restored.

Session expired

The server has moved on; the page needs a fresh start.